 Dungeon Crawl Stone Soup version 0.30-a0-283-gf371ce1921 (webtiles) character file.

Game seed: 9941400300309291034

2293 MrRokkomies the Trooper (level 9, -5/84 HPs)
             Began as an Armataur Delver on Oct 17, 2022.
             Was an Initiate of Ashenzari.
             Slain by a shadow (21 damage)
             ... on level 6 of the Dungeon.
             The game lasted 00:18:51 (5920 turns).

MrRokkomies the Trooper (Armataur Delver)           Turns: 5920, Time: 00:18:51

Health: -5/84      AC: 15    Str: 19    XL:     9   Next: 17%
Magic:  9/9        EV: 10    Int: 10    God:    Ashenzari [......]
Gold:   156        SH:  0    Dex: 23    Spells: 8/8 levels left

rFire   . . .      SeeInvis .    a - +0 flail (elec)
rCold   . . .      Faith    .    (no shield)
rNeg    . . .      Spirit   .    y - +0 leather armour
rPois   .          Reflect  .    F - +0 helmet
rElec   .          Harm     .    n - +0 cloak
rCorr   .          Roll     +    C - +0 pair of gloves of Nemelex Xobeh, Holding {Dex+8}
Will    .....                    h - +1 barding
Stlth   +++.......               (no amulet)
HPRegen 0.34/turn                (no ring)
MPRegen 0.11/turn                (no ring)

@: no status effects
A: large, rugged brown scales 3, deformed body, armoured tail, roll, long
tongue, awkward tongue
a: Renounce Religion, Curse Item


You were on level 6 of the Dungeon.
You worshipped Ashenzari.
Ashenzari was noncommittal.
You visited 2 branches of the dungeon, and saw 7 of its levels.

You collected 450 gold pieces.
You spent 294 gold pieces at shops.

Inventory:

Hand Weapons
 a - a +0 flail of electrocution (weapon)
 b - a +2 mace of holy wrath
 s - a +0 great mace
Missiles
 D - a throwing net (quivered)
 H - 3 boomerangs
Armour
 f - a +0 chain mail
 h - a +1 barding (worn)
 n - a +0 cloak (worn)
 p - a +2 pair of gloves
 v - a +0 plate armour
 y - a +0 leather armour (worn)
 C - the +0 pair of gloves of Nemelex Xobeh, Holding (worn) {Dex+8}
   (You bought it in a shop on level 5 of the Dungeon)

   Dex:       It affects your dexterity (+8).
 F - a +0 helmet (worn)
Jewellery
 t - a +6 ring of intelligence
 G - a ring of fire
Wands
 g - a wand of digging (1)
 i - a wand of paralysis (6)
 E - a wand of quicksilver (8)
Scrolls
 c - a scroll of fog
 e - a scroll of fear
 j - 4 scrolls of teleportation
 k - a scroll of blinking
 w - 3 scrolls of magic mapping
 B - a scroll of identify
Potions
 d - a potion of ambrosia
 l - a potion of haste
 m - a potion of flight {unknown}
 o - a potion of degeneration {unknown}
 q - 3 potions of attraction
 r - a potion of might {unknown}
 u - 5 potions of curing
 x - 2 potions of brilliance
 z - 4 potions of heal wounds
 A - a potion of mutation {unknown}


   Skills:
 * Level 7.3 Fighting
 * Level 5.4 Maces & Flails
 + Level 7.1 Armour
 + Level 4.0 Dodging
 - Level 5.4 Stealth


You had 8 spell levels left.
You didn't know any spells.
Your spell library contained the following spells:

 Spells                   Type           Power      Damage    Failure   Level
 Summon Small Mammal      Summ           0%         N/A       41%         1
 Static Discharge         Conj/Air       0%         2-2/arc   54%         2
 Call Canine Familiar     Summ           0%         N/A       78%         3
 Inner Flame              Hex/Fire       0%         N/A       78%         3
 Ozocubu's Armour         Ice            0%         N/A       78%         3
 Summon Guardian Golem    Hex/Summ       0%         N/A       78%         3
 Vhi's Electric Charge    Tloc/Air       0%         N/A       78%         3
 Flame Wave               Conj/Fire      0%         2d4       99%         4
 Sticky Flame             Conj/Fire      0%         2d3       99%         4
 Arcjolt                  Conj/Air       0%         1d10      100%        5
 Lightning Bolt           Conj/Air       0%         1d11      100%        5
 Metabolic Englaciation   Hex/Ice        0%         N/A       100%        5
 Simulacrum               Ice/Necr       0%         N/A       100%        6


Dungeon Overview and Level Annotations

Branches:
Dungeon (6/15)             Temple (1/1) D:5

Altars:
Ashenzari
Cheibriados
Dithmenos
Elyvilon
Fedhas
Gozag
Hepliaklqana
Kikubaaqudgha
Makhleb
Nemelex Xobeh
Okawaru
Qazlal
Ru
Sif Muna
Trog
Uskayaw
Vehumet
Wu Jian
Xom
Yredelemnul
The Shining One

Shops:
D:5 =[=

Annotations:
D:5 3 runed translucent doors, twist's ghost, novice VSBr


Innate Abilities, Weirdness & Mutations

You are completely covered in rugged brown scales. (AC +3, +7% HP)
Armour fits poorly on your strangely shaped body.
You have a long armoured tail.
You roll when moving toward enemies. (Rampage)
Your long tongue fully drains potion bottles. (2x potion effects)
Your tongue gives you trouble enunciating. (1.5x scroll delay)


Message History

The manticore is almost dead.
You carefully extract the barbed spikes from your body.
The manticore closely misses you. The manticore claws you.
The manticore closely misses you.
The manticore bites you but does no damage.
The manticore claws you but does no damage.
The manticore completely misses you.
You hit the manticore. You punch the manticore.
The manticore is almost dead.
The manticore barely misses you.
The manticore claws you but does no damage.
The manticore closely misses you.
You hit the manticore but do no damage.
Lightning courses through the manticore!
You kill the manticore!
The howler monkey hoots and howls with incredible vigour!
Your Armour skill increases to level 7!
Your Dodging skill increases to level 4!
You have reached level 9!
Your experience leads to an increase in your attributes!
Your base attributes are Str 17, Int 10, Dex 15.
Increase (S)trength, (I)ntelligence, or (D)exterity?
You feel stronger. x2
Unknown command.
Something unexpectedly blocked you, preventing you from rolling!
You hit something.
The shadow strikes at you from the darkness!
* * * LOW HITPOINT WARNING * * *
Reactivating autopickup.
The shadow hits you.
You hit the shadow. Lightning courses through the shadow!
You tail-slap the shadow.
The shadow is almost destroyed.
The shadow slips into darkness.
The shadow flickers and vanishes!
Deactivating autopickup; reactivate with Ctrl-A.
Something unexpectedly blocked you, preventing you from rolling!
You closely miss something.
Your tail-slap misses something.
The shadow strikes at you from the darkness!
You die...

#######
#.....#
##'###.# ###
#...##.# #$.
#...##.# #.$h
##...##.#
.S##....##.#
#{#...###.#
###@...# #.#
####.....##
#.#
###.......##
##.#########
#.'......##
#...........
#.#....###
##########.#
#.############
#.#
#...##..#....#
#.#
##..##.##....#
#.#
##...>##....#
#######.#


You could see a howler monkey and an adder.

Vanquished Creatures
  A manticore (D:6)
  Edmund (D:5)
  Menkaure (D:4)
  2 ice beasts (D:6)
  A black bear (D:6)
  3 ogres
  A centaur (D:6)
  3 necrophages
  4 scorpions
  3 hounds
  A gnoll bouda (D:5)
  3 orc priests
  Ijyb (D:4)
  2 iguanas
  4 orc wizards
  8 gnolls (D:5)
  5 adders
  A shadow imp (D:6)
  4 worms
  5 dart slugs
  27 orcs
  5 ball pythons
  5 endoplasms
  A giant cockroach (D:3)
  6 goblins
  6 hobgoblins
  13 jackals
  10 kobolds
  4 quokkas
  4 bats
  3 frilled lizards
  2 rats
  A spectral kobold (D:3)
141 creatures vanquished.

Vanquished Creatures (others)
  6 fungi (D:5)
  5 toadstools (D:5)
11 creatures vanquished.

Grand Total: 152 creatures vanquished

Notes
Turn   | Place    | Note
-------+----------+-------------------------------------------
     0 | D:5      | MrRokkomies the Armataur Delver began the quest for the
                  | Orb.
     0 | D:5      | Reached XP level 1. HP: 19/19 MP: 1/1
    33 | D:5      | Noticed Edmund
    77 | D:5      | Noticed a scorpion
    78 | D:5      | Noticed a necrophage
   181 | D:4      | Noticed an iguana
   181 | D:4      | Noticed Ijyb
   194 | D:4      | Killed an iguana
   195 | D:4      | Reached skill level 1 in Armour
   195 | D:4      | Reached XP level 2. HP: 15/27 MP: 2/2
   198 | D:4      | Reached XP level 3. HP: 15/33 MP: 3/3
   358 | D:3      | Noticed a necrophage
   368 | D:3      | Killed a necrophage
   369 | D:3      | Reached XP level 4. HP: 39/42 MP: 4/4
   633 | D:3      | Found a hazy altar of Hepliaklqana.
   681 | D:3      | Noticed a scorpion
   688 | D:3      | Killed a scorpion
   689 | D:3      | Reached XP level 5. HP: 42/49 MP: 5/5
  1916 | D:2      | Reached XP level 6. HP: 56/56 MP: 6/6
  2509 | D:4      | Noticed Menkaure
  2522 | D:4      | Killed Menkaure
  2698 | D:4      | Reached skill level 5 in Fighting
  2698 | D:4      | Reached skill level 5 in Armour
  2885 | D:4      | HP: 1/59 [ogre/+0 giant spiked club (30)]
  2887 | D:4      | Reached XP level 7. HP: 1/65 MP: 7/7
  3115 | D:4      | Killed Ijyb
  3628 | D:5      | Found a runed translucent gate.
  3628 | D:5      | Found a runed translucent gate.
  3628 | D:5      | Found a runed translucent gate.
  3631 | D:5      | Noticed twist's ghost (novice VSBr)
  3815 | D:5      | Found Maesiqa's Jewellery Emporium.
  3823 | D:5      | Reached XP level 8. HP: 38/74 MP: 8/8
  4095 | D:5      | Found a burning altar of Makhleb.
  4098 | D:5      | Found an ancient bone altar of Kikubaaqudgha.
  4348 | D:5      | Found Ylaiveuk's Antique Armour Shoppe.
  4351 | D:5      | Bought a pair of brightly glowing gloves for 294 gold
                  | pieces
  4351 | D:5      | Identified the +0 pair of gloves of Nemelex Xobeh, Holding
                  | {Dex+8} (You bought it in a shop on level 5 of the Dungeon)
  4404 | D:5      | Found a staircase to the Ecumenical Temple.
  4412 | Temple   | Entered the Ecumenical Temple
  4555 | Temple   | Became a worshipper of Ashenzari the Shackled
  4775 | D:5      | Killed Edmund
  4948 | D:5      | Found Ekkyunali's Jewellery Boutique.
  5383 | D:6      | Reached skill level 5 in Maces & Flails
  5444 | D:6      | Noticed a manticore
  5917 | D:6      | Killed a manticore
  5918 | D:6      | Reached XP level 9. HP: 43/84 MP: 9/9
  5920 | D:6      | Slain by a shadow

Illustrated notes

Levels and vault maps discovered:
D:1:      dpeg_arrival_windows_large_door, layout_loops_cross,
          due_unseen_surprise
D:2:      layout_basic
D:3:      layout_basic, nicolae_hepliaklqana_monster_ancestors,
          patterned_corridor
D:4:      layout_loops_ring, uniq_ijyb, uniq_menkaure
D:5:      layout_basic, chequers_temple_overflow_statue_of_worship,
          minmay_temple_entry_junction, serial_shops,
          nicolae_shop_competitors_out_of_business, nicolae_lakefront_shop,
          kennysheep_mini, gammafunk_ghost_nasty_kobolds,
          minmay_gold_behind_fungi, uniq_edmund
D:6:      layout_basic, serial_glass, glass_columns_c, glass_columns_a,
          glass_columns_b, glass_columns_a, glass_columns_b, glass_columns_a,
          glass_columns_b, glass_columns_b, chequers_serial_rivers_micro_b,
          kennysheep_flooded_box, lightli_corner_chamber
Temple:   mainiacjoe_temple_coin_purse

Skill      XL: |  1  2  3  4  5  6  7  8 |
---------------+-------------------------+-----
Fighting       | 3 4 5 7 |  7.3
Armour         | 1 3 4 5 7 |  7.1
Dodging        | 2 3 4 |  4.0
Maces & Flails | 2 3 5 |  5.4
Stealth        | |  5.4

Action                   |  1- 3 |  4- 6 |  7- 9 || total
-------------------------+-------+-------+-------++-------
Melee: Mace              |    25 |    37 |       ||    62
       Tailslap          |     3 |    20 |    34 ||    57
       Flail             |       |   153 |   238 ||   391
       Punch             |       |     1 |     2 ||     3
Evoke: Wand              |       |     1 |     2 ||     3
  Use: Scroll            |     2 |     7 |     5 ||    14
       Potion            |     2 |     1 |       ||     3
 Stab: Sleeping          |     2 |     1 |     8 ||    11
Armor: Leather armour    |    15 |    42 |   146 ||   203
       Chain mail        |       |   135 |       ||   135
Dodge: Dodged            |    12 |    68 |    84 ||   164

Table legend: (Time is in decaauts)
 A = Elapsed time spent in this place.
 B = Non-inter-level travel time spent in this place.
 C = Inter-level travel time spent in this place.
 D = Time resting spent in this place.
 E = Time spent auto-exploring this place.
 F = Levels seen in this place.
 G = Mean time per level.
                   A        B        C        D        E       F      G
               +--------+--------+--------+--------+--------+-----+--------+
         Total |   6030 |   5816 |    214 |    574 |   3876 |   7 |  861.4 |
       Dungeon |   5877 |   5673 |    204 |    574 |   3774 |   6 |  979.5 |
        Temple |    152 |    143 |      9 |      0 |    102 |   1 |  152.0 |
               +--------+--------+--------+--------+--------+-----+--------+

Top non-repeatable levels by time:
     D:5: 1365 daAuts
     D:4: 1296 daAuts
     D:3: 952 daAuts
     D:6: 922 daAuts
     D:1: 725 daAuts
     D:2: 615 daAuts
  Temple: 152 daAuts
